 Dungeon Crawl Stone Soup version 0.17-a0-1020-ge683cc4 (webtiles) character file.

4049 Kisielow the Blocker (level 10, -4/90 HPs)
             Began as a Gargoyle Fighter on May 18, 2015.
             Slain by an orc knight
             ... wielding a +0 war axe
              (11 damage)
             ... in a bailey.
             The game lasted 00:26:50 (6982 turns).

Kisielow the Blocker (Gargoyle Fighter)             Turns: 6982, Time: 00:26:50

Health: -4/90      AC: 25    Str: 27 (29) XL:     10   Next: 24%
Magic:  10/10      EV:  2    Int:  6 (8)  God:
Gold:   498        SH: 15    Dex: 13 (14) Spells: 0 memorised, 9 levels left

rFire  . . .     SeeInvis +     i - +2 whip (elec)
rCold  . . .     Clarity  +     (armour currently unavailable)
rNeg   + + +     SustAb   .     c - +2 shield
rPois  ∞         Gourm    .     (helmet currently unavailable)
rElec  .         Spirit   .     (cloak currently unavailable)
rCorr  .         Warding  .     (gloves currently unavailable)
rMut   .         NoTele   +     (boots currently unavailable)
MR     +....                    C - amulet of faith
Stlth  ++........               k - +6 ring of evasion
                                j - ring of protection from magic

@: mighty, agile, tree-form (expiring), somewhat resistant to hostile
enchantments, unstealthy
A: rugged brown scales 1, see invisible, clarity, deterioration 2, negative
energy resistance 1, sense surroundings 1, (electricity resistance),
(unbreathing), petrification resistance, no device heal 3, rot immunity, subdued
magic 1, AC +7
a: no special abilities


You were in a bailey.
You were not hungry.
You were a tree.
You visited 1 branch of the dungeon, and saw 7 of its levels.
You also visited: Sewer, Ossuary and Bailey.

You collected 498 gold pieces.

Inventory:

Hand weapons
 a - a +0 broad axe of chopping
 i - a +2 whip of electrocution (weapon)
 v - a +2 flail of protection
Armour
 c - a +2 shield (worn)
 t - a +0 pair of boots (melded)
 u - a +0 plate armour (melded)
Jewellery
 j - a ring of protection from magic (left branch)
 k - a +6 ring of evasion (right branch)
 C - an amulet of faith (around neck)
Magical devices
 b - a wand of fireball (5)
 q - a wand of slowing (22)
 y - a wand of random effects (25)
Scrolls
 h - a scroll of fear
 o - a scroll of remove curse
 s - 2 scrolls of enchant armour
 x - a scroll of identify
 A - a scroll of blinking
 B - a scroll of teleportation
 E - a scroll of recharging
Potions
 d - a potion of might
 g - 6 potions of curing
 n - 2 potions of flight
 w - a potion of brilliance
 z - a potion of agility
Comestibles
 e - 4 bread rations
 f - 2 fruits
 l - a slice of pizza
 m - a meat ration
 p - 57 chunks of flesh


   Skills:
 - Level 5.0 Fighting
 * Level 8.2 Maces & Flails
 - Level 7.5 Armour
 - Level 11.2 Shields


You had 9 spell levels left.
You didn't know any spells.

Dungeon Overview and Level Annotations

Branches:
Dungeon (7/15)
 Temple: D:4-7

Altars:
Cheibriados
Kikubaaqudgha
Ru
Vehumet
Xom
Yredelemnul
Zin

Shops:
D:7 ?


Innate Abilities, Weirdness & Mutations

You are resistant to torment.
((Your stone body is resilient (AC +7).))
You are immune to poison.
You resist negative energy.
((You are resistant to electric shocks.))
((You can survive without breathing.))
You are immune to petrification.
You are immune to rotting.
(You are partially covered in rugged brown scales (AC +1, +3% HP).)
You have supernaturally acute eyesight.
You possess an exceptional clarity of mind.
Your body often deteriorates upon taking damage.
You passively map a small area around you.
Potions and wands cannot restore your health.
Your spells are a little easier to cast, but a little less powerful.


Message History

You hit the orc knight.
The orc knight is heavily wounded.
You barely miss the orc knight.
The orc knight is heavily wounded.
You block the orc knight's attack.
You barely miss the orc knight.
The orc knight is heavily wounded.
You hit the orc knight but do no damage.
The orc knight is heavily wounded.
You block the orc knight's attack.
The orc knight roars a battlecry!
The orc goes into a battle-frenzy!
Drink which item? (? for menu, Esc to quit)
You have no ailments to cure.
Drink which item? (? for menu, Esc to quit)
Okay, then.
You whack the orc knight!
The orc knight is severely wounded.
The orc knight hits you with a war axe!
You die...

#..........
#.........., ,
###))....... *
###.#'#.....###. #
###.....###.###...
### ##.........###
.... ##..
#..........8# o....
#...
#..........8#go....
#...
#∩....⌠....♣oogo...
, #...
#..........8#oog...
, #...
#..........8#


go... #... ##.........### .... ,###.. ###.....###.###..., ###.###
###.#)#.....###.###.....# ###.).......###.......) #...........#.........
#...........#......... You could see 2 orc knights, 5 orc warriors, an orc
(frenzied), a hobgoblin and 3 goblins.

Vanquished Creatures
  An orc warlord (Bailey)
  Sigmund (D:5)
  Menkaure (D:5)
  Edmund (D:5)
  Duvessa (D:5)
  7 orc warriors (Bailey)
  3 sky beasts
  A centaur (D:6)
  A phantom (D:6)
  An ogre (D:4)
  A big kobold (Sewer)
  A wyvern skeleton (D:6)
  4 wights (D:6)
  Dowan (D:5)
  2 crimson imps
  The ghost of tyrsky the Firebug, a weakling DEFE (D:4)
  A giant frog zombie (D:6)
  2 iguanas (D:4)
  An orc wizard (D:3)
  2 orc priests (D:4)
  8 worker ants
  8 mummies (Ossuary)
  6 gnolls
  12 adders
  2 shadow imps (D:6)
  2 oozes
  An adder zombie (D:2)
  An adder skeleton (D:2)
  A worm (D:2)
  7 giant geckos
  31 orcs
  10 bats
  2 bat skeletons
  A bat zombie (D:2)
  6 giant cockroaches
  17 goblins
  28 hobgoblins
  15 kobolds
  2 quokkas
  A ball python (D:4)
  2 giant cockroach zombies (D:2)
  A giant gecko zombie (D:2)
  3 giant newts
  4 hobgoblin zombies (Ossuary)
  4 jackals
  3 kobold zombies (Ossuary)
  An orc zombie (Ossuary)
  14 rats
227 creatures vanquished.

Notes
Turn   | Place    | Note
--------------------------------------------------------------
     0 | D:1      | Kisielow the Gargoyle Fighter began the quest for the Orb.
     0 | D:1      | Reached XP level 1. HP: 14/14 MP: 1/1
   451 | D:1      | Reached XP level 2. HP: 14/19 MP: 2/2
  1156 | D:2      | Reached XP level 3. HP: 23/23 MP: 3/3
  1229 | D:2      | Reached skill level 4 in Maces & Flails
  1363 | D:2      | Reached XP level 4. HP: 26/28 MP: 4/4
  1696 | D:3      | Reached skill level 5 in Maces & Flails
  1696 | D:3      | Reached XP level 5. HP: 29/32 MP: 5/5
  1969 | D:3      | Found a glowing drain.
  1992 | Sewer    | Entered a sewer
  2105 | Sewer    | Reached XP level 6. HP: 30/39 MP: 6/6
  2137 | Sewer    | Found a glowing silver altar of Zin.
  2890 | D:4      | Reached skill level 5 in Fighting
  2923 | D:4      | Reached skill level 5 in Armour
  2926 | D:4      | Reached XP level 7. HP: 13/44 MP: 7/7
  3606 | D:4      | Found a glowing silver altar of Zin.
  3606 | D:4      | Found a shimmering altar of Xom.
  3607 | D:4      | Noticed an angel
  3654 | D:4      | Noticed tyrsky's ghost (weakling DEFE)
  3663 | D:4      | Killed tyrsky's ghost
  4150 | D:5      | Entered Level 5 of the Dungeon
  4161 | D:5      | Noticed Edmund
  4172 | D:5      | Killed Edmund
  4172 | D:5      | Reached skill level 6 in Armour
  4172 | D:5      | Reached skill level 5 in Shields
  4228 | D:5      | Noticed Sigmund
  4269 | D:5      | Reached XP level 8. HP: 28/49 MP: 8/8
  4289 | D:5      | Killed Sigmund
  4481 | D:5      | Found a sacrificial altar of Ru.
  4500 | D:5      | Found an ancient bone altar of Kikubaaqudgha.
  4530 | D:5      | Noticed Dowan
  4544 | D:5      | Noticed Duvessa
  4552 | D:5      | Killed Dowan
  4573 | D:5      | Killed Duvessa
  4573 | D:5      | Reached skill level 7 in Armour
  4578 | D:5      | Found a snail-covered altar of Cheibriados.
  4580 | D:5      | Found a radiant altar of Vehumet.
  4580 | D:5      | Noticed Menkaure
  4693 | D:5      | Found a basalt altar of Yredelemnul.
  4773 | D:6      | Reached skill level 8 in Shields
  5330 | D:6      | Found a sand-covered staircase.
  5335 | Ossuary  | Entered an ossuary
  5353 | Ossuary  | Reached XP level 9. HP: 47/54 MP: 9/9
  5406 | Ossuary  | Reached skill level 9 in Shields
  5592 | Ossuary  | Gained mutation: You possess an exceptional clarity of mind. [potion of mutation]
  5592 | Ossuary  | Gained mutation: You have supernaturally acute eyesight. [potion of mutation]
  5592 | Ossuary  | Gained mutation: Your spells are a little easier to cast, but a little less powerful. [potion of mutation]
  5593 | Ossuary  | Gained mutation: Your body sometimes deteriorates upon taking damage. [potion of mutation]
  5593 | Ossuary  | Gained mutation: Your body often deteriorates upon taking damage. [potion of mutation]
  5593 | Ossuary  | Lost mutation: Your body often deteriorates upon taking damage. [potion of mutation]
  5594 | Ossuary  | Gained mutation: You passively map a small area around you. [potion of mutation]
  5594 | Ossuary  | Gained mutation: Your body often deteriorates upon taking damage. [potion of mutation]
  6125 | D:6      | Identified a scroll of acquirement
  6310 | D:5      | Killed Menkaure
  6310 | D:5      | Reached skill level 10 in Shields
  6315 | D:5      | Gained mutation: Potions and wands are less effective at restoring your health. [mutagenic meat]
  6317 | D:5      | Gained mutation: Potions and wands are poor at restoring your health. [mutagenic meat]
  6548 | D:7      | Found Peal's Magic Scroll Shop.
  6561 | D:7      | Found a flagged portal.
  6576 | D:7      | Gained mutation: Potions and wands cannot restore your health. [potion of mutation]
  6576 | D:7      | Gained mutation: You are partially covered in rugged brown scales (AC +1, +3% HP). [potion of mutation]
  6590 | Bailey   | Entered a bailey
  6833 | Bailey   | Reached skill level 11 in Shields
  6945 | Bailey   | Noticed an orc warlord
  6945 | Bailey   | Noticed an orc knight
  6947 | Bailey   | Noticed an orc knight
  6971 | Bailey   | Killed an orc warlord
  6971 | Bailey   | Reached XP level 10. HP: 18/60 MP: 10/10
  6982 | Bailey   | Slain by an orc knight

Vault maps used:
D:1:      elethiomel_arrival_infinity_welcomes_careful_drivers,
          serial_bayou_pond_e
D:2:      serial_undead, serial_undead_c, serial_undead_f, serial_undead_f,
          serial_undead_f, first_bread
D:3:      gup_sewer_entry_pipe, kennysheep_generic_room_8
D:4:      grunt_temple_overflow_order_and_chaos_1
D:5:      yredelemnul_altar_generic, nicolae_overflow_hidden_temple,
          uniq_duvessa, uniq_menkaure, uniq_sigmund, uniq_edmund
D:6:      enter_ossuary_2
D:7:      temple_statues, serial_shops, shop, enter_bailey_2, grunt_ogre_cave
Sewer:    sewer_kobolds
Ossuary:  ossuary_tomb_3
Bailey:   bailey_axe_minmay_hex_keep, bailey

Action                   |  1- 3 |  4- 6 |  7- 9 | 10-12 || total
-------------------------+-------+-------+-------+-------++-------
Melee: Flail             |    32 |       |       |       ||    32
       Whip              |    62 |   238 |   738 |    11 ||  1049
  Use: Scroll            |       |     2 |    15 |       ||    17
       Potion            |       |     3 |    13 |       ||    16
  Eat: Chunk             |     1 |     6 |    11 |       ||    18
       Beef jerky        |       |       |     1 |       ||     1
       Meat ration       |       |       |     2 |       ||     2
